 Dungeon Crawl Stone Soup version 0.29.1-15-g9cfb28693d (webtiles) character file.

Game seed: 12674031680736662505

3116 Hugehornet the Changer (level 9, -2/56 HPs)
             Began as an Octopode Transmuter on Mar 25, 2023.
             Slain by a troll (12 damage)
             ... on level 9 of the Dungeon.
             The game lasted 00:14:52 (8496 turns).

Hugehornet the Changer (Octopode Transmuter)        Turns: 8496, Time: 00:14:53

Health: -2/56      AC:  4    Str: 18      XL:     9   Next: 91%
Magic:  15/15      EV: 18    Int: 19      God:
Gold:   284        SH:  4    Dex: 17 (18) Spells: 9/17 levels left

rFire   . . .      SeeInvis .   n - +11 flail of the Extremes {distort, Will++ Str+2}
rCold   . . .      Faith    .   (no shield)
rNeg    . . .      Spirit   .   z - +1 hat
rPois   .          Reflect  .   A - amulet of magic regeneration
rElec   .          Harm     .   h - +4 ring of evasion
rCorr   .          Rampage  .   l - +6 ring of strength
Will    ++...                   x - +6 ring of dexterity
Stlth   +++.......              (no ring)
HPRegen 0.18/turn               (no ring)
MPRegen 0.54/turn               (no ring)
                                (no ring)
                                (no ring)

@: lethally poisoned (-2 -> -16)
A: almost no armour, amphibious, 8 rings, camouflage 1, gelatinous body 1,
(nimble swimmer 1), tentacles, tentacle spike 1, iridescent scales 1, large bone
plates 1
a: no special abilities


You were on level 9 of the Dungeon.
You visited 2 branches of the dungeon, and saw 10 of its levels.

You collected 431 gold pieces.
You spent 147 gold pieces at shops.

Inventory:

Hand Weapons
 n - the +11 flail of the Extremes (weapon) {distort, Will++ Str+2}
   (You found it on level 3 of the Dungeon)

   It warps and distorts space around it, and may blink, banish, or inflict
   extra damage upon those it strikes.
   Unwielding it can cause banishment or high damage.
   Str:       It affects your strength (+2).
   Will:      It greatly increases your willpower.
Missiles
 b - a throwing net
Armour
 z - a +1 hat (worn)
Jewellery
 h - a +4 ring of evasion (left tentacle)
 l - a +6 ring of strength (right tentacle)
 x - a +6 ring of dexterity (on tentacle)
 y - an amulet of regeneration
 A - an amulet of magic regeneration (around mantle)
Wands
 c - a wand of flame (30)
 E - a wand of light (4)
Scrolls
 d - 4 scrolls of identify
 e - a scroll of enchant weapon {unknown}
 f - 3 scrolls of torment
 g - 2 scrolls of vulnerability {unknown}
 j - 2 scrolls of amnesia
 k - a scroll of acquirement {unknown}
 m - a scroll of magic mapping {unknown}
 p - 3 scrolls of enchant armour {unknown}
 t - a scroll of teleportation {unknown}
 v - 3 scrolls of butterflies {unknown}
 w - a scroll of immolation {unknown}
 D - a scroll of summoning {unknown}
 F - a scroll of poison {unknown}
Potions
 a - a potion of lignification
 i - 3 potions of brilliance
 o - 2 potions of magic
 q - a potion of flight
 r - 2 potions of degeneration
 s - 2 potions of berserk rage
 u - a potion of haste {unknown}
 B - a potion of attraction {unknown}
 C - a potion of ambrosia {unknown}
 G - a potion of invisibility {unknown}
 H - a potion of curing


   Skills:
 + Level 3.1 Fighting
 * Level 2.1 Maces & Flails
 + Level 3.7 Dodging
 - Level 6.6 Unarmed Combat
 + Level 4.5 Spellcasting
 * Level 7.5 Transmutations
 * Level 4.2 Ice Magic
 - Level 6.0 Poison Magic


You had 9 spell levels left.
You knew the following spells:

 Your Spells              Type           Power      Damage    Failure   Level
a - Beastly Appendage     Tmut           66%        N/A       1%          1
b - Spider Form           Tmut/Pois      30%        N/A       2%          3
c - Ice Form              Ice/Tmut       26%        N/A       12%         4

Your spell library contained the following spells:

 Spells                   Type           Power      Damage    Failure   Level
 Wereblood                Tmut           33%        N/A       1%          2
 Gell's Gravitas          Tloc           4%         N/A       36%         3
 Teleport Other           Tloc           4%         N/A       36%         3
 Freezing Cloud           Conj/Ice/Air   4%         6-21      90%         5
 Dispersal                Tloc           2%         N/A       100%        6
 Simulacrum               Ice/Necr       6%         N/A       100%        6
 Polar Vortex             Ice            10%        N/A       100%        9


Dungeon Overview and Level Annotations

Branches:
Dungeon (9/15)             Temple (1/1) D:5
   Lair: D:8-11         Orc: D:9-12

Altars:
Ashenzari
Dithmenos
Elyvilon
Fedhas
Gozag
Hepliaklqana
Makhleb
Nemelex Xobeh
Okawaru
Qazlal
Ru
Sif Muna
Trog
Uskayaw
Vehumet
Wu Jian
Xom
Yredelemnul
Zin
The Shining One

Shops:
D:1 [   D:7 (

Portals:
Abyss: D:9

Annotations:
D:9 2 transporters, Amaemon; MrClown's ghost, novice DsNe


Innate Abilities, Weirdness & Mutations

You cannot wear most types of armour.
You are amphibious.
You can wear up to eight rings at the same time.
Your skin changes colour to match your surroundings (Stealth+).
Your rubbery body absorbs attacks. (AC +1, EV +1)
((You are camouflaged when in or above water. (Stealth+)))
You have tentacles for arms and can constrict up to eight enemies at once.
One of your tentacles bears a spike.
You are partially covered in iridescent scales. (AC +2)
You are partially covered in large bone plates. (SH +4)


Message History

You sock the scorpion!
Space warps around the scorpion.
You kill the scorpion!
The scorpion's corpse disappears in a puff of smoke!
The scorpion stings you.
A troll comes into view.
You block the orange demon's attack.
You hit the scorpion.
Space warps horribly around the scorpion!!
You kill the scorpion!
The scorpion's corpse disappears in a puff of smoke!
The orange demon completely misses you. The orange demon barely misses you.
You block the orange demon's attack.
You hit the orange demon.
Space warps horribly around the orange demon.
Your grab misses the orange demon.
The orange demon is lightly wounded.
The orange demon misses you. The orange demon barely misses you.
Amaemon barely misses you. You block Amaemon's attack. x2
The orange demon stings you! The orange demon hits you.
Amaemon closely misses you. Amaemon misses you. Amaemon tail-slaps you!
You sock the orange demon! You grab the orange demon.
You pierce the orange demon, but do no damage.
The orange demon is moderately wounded.
You constrict the orange demon. Amaemon misses you. Amaemon claws you!
Amaemon tail-slaps you.
You are lethally poisoned!
Amaemon poisons you! The orange demon closely misses you. x2
As you read the scroll labelled ERYZYU ILIU, it crumbles to dust.
It is a scroll of amnesia.
Really abort (and waste the scroll)? [Y]es or [N]o only, please.
Really abort (and waste the scroll)?
Okay, then.
You constrict the orange demon.
* * * LOW HITPOINT WARNING * * *
You feel very sick. The troll bites you.
* * * LOW HITPOINT WARNING * * *
The troll claws you!
You die...

#...## #....##x
........#...# #
##.###
...>....#..##.# ###
........#..#X.# ...
........#..##..#W...
........#...##.^.....
........#....#.##.###
......46#...##. z# ©.
......T@'...#
............#
.................
........#........
........#.......#
........#.......#
........#....○○.#
........#..☼.☼..#
.... #...○.°.#


You could see Amaemon, an orange demon and a troll.

Vanquished Creatures
  Sigmund (D:4)
  A steam dragon (D:6)
  Menkaure (D:5)
  3 water moccasins (D:7)
  An ice beast (D:7)
  An orc warrior (D:5)
  3 ogres (D:5)
  A centaur (D:7)
  A phantom (D:5)
  4 bullfrogs
  A scorpion (D:5)
  11 wights
  6 howler monkeys
  3 jellies (D:7)
  4 hounds
  2 gnoll boudas
  2 orc priests (D:6)
  An iguana (D:7)
  3 orc wizards
  7 gnolls
  9 adders
  2 white imps
  2 ufetubi
  A worm (D:3)
  3 dart slugs (D:1)
  9 orcs
  9 ball pythons
  3 endoplasms
  2 giant cockroaches (D:3)
  A goblin (D:1)
  9 hobgoblins
  6 jackals (D:5)
  2 kobolds
  2 quokkas
  2 bats
  3 frilled lizards
  5 rats
127 creatures vanquished.

Notes
Turn   | Place    | Note
-------+----------+-------------------------------------------
     0 | D:1      | Hugehornet the Octopode Transmuter began the quest for the
                  | Orb.
     0 | D:1      | Reached XP level 1. HP: 13/13 MP: 3/3
   162 | D:1      | Reached XP level 2. HP: 18/18 MP: 3/5
   234 | D:1      | Found a faded altar of an unknown god.
   293 | D:1      | Reached skill level 3 in Transmutations
   586 | D:1      | Reached XP level 3. HP: 16/23 MP: 4/6
   825 | D:1      | Found Qitoz's Antique Armour Shop.
  1359 | D:2      | Reached skill level 4 in Transmutations
  1365 | D:2      | Learned a level 3 spell: Spider Form
  1716 | D:2      | Reached skill level 1 in Poison Magic
  1716 | D:2      | Reached XP level 4. HP: 17/28 MP: 7/7
  2843 | D:3      | Identified the +11 flail of the Extremes {distort, Will++
                  | Str+2}
  2877 | D:3      | Identified the +1 pair of boots of Temperance {rPois rC+}
  2912 | D:3      | Noticed a +0 falchion
  2912 | D:3      | Noticed a +0 spear
  2918 | D:3      | Found a hide-covered altar of Uskayaw.
  2918 | D:3      | Noticed a +0 dagger
  2919 | D:3      | Noticed a +0 spear
  2919 | D:3      | Noticed a +0 short sword
  2920 | D:3      | Noticed a +0 short sword
  2921 | D:3      | Noticed a +0 dagger
  2921 | D:3      | Noticed a +0 falchion
  3321 | D:4      | Noticed Sigmund
  3330 | D:4      | Killed Sigmund
  3331 | D:4      | Reached skill level 5 in Poison Magic
  3331 | D:4      | Reached XP level 5. HP: 18/33 MP: 6/8
  3331 | D:4      | Reached XP level 6. HP: 20/38 MP: 6/9
  3811 | D:4      | Learned a level 4 spell: Ice Form
  3823 | D:5      | Entered Level 5 of the Dungeon
  3980 | D:5      | Found a staircase to the Ecumenical Temple.
  3995 | D:5      | Reached XP level 7. HP: 43/43 MP: 7/10
  4067 | D:5      | Reached skill level 5 in Transmutations
  4648 | D:5      | Noticed Menkaure
  4656 | D:5      | Killed Menkaure
  4657 | D:5      | Reached skill level 5 in Unarmed Combat
  4657 | D:5      | Reached XP level 8. HP: 26/48 MP: 12/12
  5005 | D:5      | Reached skill level 6 in Transmutations
  5028 | D:5      | Found a broken altar of Ashenzari.
  5128 | Temple   | Entered the Ecumenical Temple
  5351 | D:1      | Bought an embroidered hat for 147 gold pieces
  5811 | D:6      | Reached skill level 1 in Ice Magic
  6268 | D:7      | HP: 2/49 [gnoll/+0 spear[a gnoll bouda] (8)]
  6602 | D:7      | Found Rionuklu's Antique Weapon Shoppe.
  6616 | D:7      | Found a shimmering blue altar of Sif Muna.
  6643 | D:7      | Found an iron altar of Okawaru.
  6878 | D:7      | Reached XP level 9. HP: 54/54 MP: 14/14
  7131 | D:7      | Reached skill level 7 in Transmutations
  7676 | D:7      | Gained mutation: You are partially covered in iridescent
                  | scales. (AC +2) [potion of mutation]
  7676 | D:7      | Gained mutation: One of your tentacles bears a spike.
                  | [potion of mutation]
  7676 | D:7      | Gained mutation: You are partially covered in large bone
                  | plates. (SH +4) [potion of mutation]
  8111 | D:8      | Reached skill level 1 in Maces & Flails
  8399 | D:8      | You fall into a shaft and drop 1 floor!
  8451 | D:9      | Found a one-way gate to the infinite horrors of the Abyss.
  8451 | D:9      | Noticed MrClown's ghost (novice DsNe)
  8454 | D:9      | Noticed a skeletal warrior
  8455 | D:9      | Found a transporter.
  8465 | D:9      | Found a transporter.
  8485 | D:9      | Found a radiant altar of Vehumet.
  8486 | D:9      | Noticed an orange demon
  8487 | D:9      | Noticed Amaemon
  8491 | D:9      | Noticed a troll
  8496 | D:9      | Slain by a troll

Illustrated notes

Levels and vault maps discovered:
D:1:      onia_arrival_handbag, layout_loops_ring, serial_shops,
          nicolae_shop_behind_doors, ebering_ecumenical_altar_ruins,
          kennysheep_nondescript, hangedman_decor_points
D:2:      layout_loops_corners
D:3:      layout_basic, nicolae_uskayaw_en_pointe, serial_corexii_hall,
          chequers_hall_statues_wall_a, corexii_hall_statues_l,
          hangedman_abyss_or_decor_stabs, nrook_loot_triangle
D:4:      layout_rooms, chequers_jeans, uniq_sigmund
D:5:      kennysheep_big_flooded_room, layout_loops_ring,
          mainiacjoe_overflow_alcove_1, minmay_temple_entry_statues,
          uniq_menkaure
D:6:      layout_basic, item_on_display_a
D:7:      layout_basic, mainiacjoe_overflow_large_starburst, serial_shops,
          kennysheep_mini, minmay_joined_circles
D:8:      minmay_gate_of_8, layout_rooms, kennysheep_generic_room_2
D:9:      layout_grid_maze, fiery_altar_vehumet, kiku_gazebo_garden_becter,
          mainiacjoe_overflow_concentric_impassable,
          gammafunk_ghost_abyssal_escape, uniq_gastronok, uniq_amaemon,
          uniq_harold
Temple:   hellmonk_temple_of_storms

Skill      XL: |  1  2  3  4  5  6  7  8  9 |
---------------+----------------------------+-----
Transmutations | 3 4 5 6 7 |  7.5
Poison Magic   | 1 5 6 |  6.0
Unarmed Combat | 5 6 |  6.6
Spellcasting   | 3 4 |  4.5
Ice Magic      | 2 4 |  4.2
Fighting       | 2 3 |  3.1
Dodging        | 3 |  3.7
Maces & Flails | 2 |  2.1

Action                   |  1- 3 |  4- 6 |  7- 9 || total
-------------------------+-------+-------+-------++-------
Melee: Unarmed           |    55 |    20 |       ||    75
       Constrict         |    16 |    11 |    30 ||    57
       Tentacles         |    12 |     8 |    27 ||    47
       Kick              |     9 |    11 |    28 ||    48
       Punch             |     2 |     1 |     3 ||     6
       Flail             |       |    29 |   138 ||   167
 Cast: Beastly Appendage |    23 |    22 |    26 ||    71
  Use: Potion            |       |       |     8 ||     8
       Scroll            |       |       |     7 ||     7
 Stab: Sleeping          |     9 |     8 |     6 ||    23
Armor: Skin              |     3 |     4 |    12 ||    19
Dodge: Dodged            |    34 |    32 |   138 ||   204
Block: Other             |       |       |     7 ||     7
